 Dungeon Crawl Stone Soup version 0.27.1-34-g3ba077fa99 (webtiles) character file.

Game seed: 12706350736912928710

119 pkoi the Conjurer (level 4, -9/33 HPs)
             Began as a Draconian Conjurer on Jan 27, 2022.
             Killed by divine providence
             ... invoked by an orc priest
              (12 damage)
             ... on level 2 of the Dungeon.
             The game lasted 00:04:27 (3561 turns).

pkoi the Conjurer (Draconian Conjurer)              Turns: 3561, Time: 00:04:27

Health: -9/33      AC:  8    Str: 10    XL:     4   Next: 74%
Magic:  4/8        EV: 12    Int: 19    God:
Gold:   48         SH:  0    Dex:  9    Spells: 6/9 levels left

rFire    . . .     SeeInvis +   a - +0 short sword
rCold    . . .     Faith    .   (no shield)
rNeg     . . .     Spirit   .   (armour unavailable)
rPois    .         Reflect  .   (helmet restricted)
rElec    .         Harm     .   (no cloak)
rCorr    .         Rampage  .   (no gloves)
Will     .....                  g - +2 pair of boots
Stlth    ++........             f - amulet of regeneration
HPRegen  1.11/turn              k - ring of see invisible
MPRegen  0.11/turn              (no ring)

@: no status effects
A: AC +5, unfitting armour, cold-blooded
a: no special abilities


You were on level 2 of the Dungeon.
You visited 1 branch of the dungeon, and saw 2 of its levels.

You collected 48 gold pieces.

Inventory:

Hand Weapons
 a - a +0 short sword (weapon)
Missiles
 b - a throwing net
Armour
 g - a +2 pair of boots (worn)
Jewellery
 f - an amulet of regeneration (around neck)
 i - an amulet of the acrobat
 k - a ring of see invisible (left hand)
Scrolls
 c - a scroll of magic mapping {unknown}
 d - a scroll of torment {unknown}
 e - a scroll of identify {unknown}
 j - a scroll of silence {unknown}
Potions
 h - a potion of curing {unknown}
 l - a potion of ambrosia {unknown}


   Skills:
 - Level 1.7 Dodging
 - Level 1.7 Stealth
 + Level 3.0 Spellcasting
 * Level 5.5 Conjurations


You had 6 spell levels left.
You knew the following spells:

 Your Spells              Type           Power      Damage    Failure   Level
a - Magic Dart            Conj           96%        1d7       1%          1
b - Searing Ray           Conj           48%        3d5       2%          2

Your spell library contained the following spells:

 Spells                   Type           Power      Damage    Failure   Level
 Dazzling Flash           Conj/Hex       26%        N/A       14%         3
 Summon Guardian Golem    Hex/Summ       2%         N/A       41%         3
 Fulminant Prism          Conj/Hex       6%         3d7       43%         4
 Iskenderun's Mystic Bla  Conj/Tloc      13%        2d5       43%         4
 Orb of Destruction       Conj           12%        9d6       100%        7
 Spellforged Servitor     Conj/Summ      6%         N/A       100%        7


Dungeon Overview and Level Annotations

Branches:
Dungeon (2/15)

Altars:

Shops:
D:2 (


Innate Abilities, Weirdness & Mutations

Your plain brown scales are hard. (AC +5)
You cannot fit into any form of body armour.
You are cold-blooded and may be slowed by cold attacks.


Message History

There are monsters nearby!
The magic dart hits the kobold.
You kill the kobold!
The orc priest shouts! x2
The orc priest calls down the wrath of Beogh upon you.
Beogh smites you!
There is an open door here.
You close the door.
You start resting.
An orc priest opens the door.
It is wielding a +0 dagger.
The orc priest closely misses you.
There is an open door here.
Casting: Magic Dart (safe; 1% risk of failure)
Confirm with . or Enter, or press ? or * to list all spells.
Aiming: Searing Ray (safe; 2% risk of failure)
Press: ? - help, Shift-Dir - straight line, f - orc priest
Aim: an orc priest, wielding a +0 dagger and wearing a +0 leather armour (79% to hit)
The searing ray hits the orc priest!
The orc priest is heavily wounded.
The searing ray misses the orc priest. (Press . to maintain the ray.)
The orc priest hits you with a +0 dagger.
The searing ray hits the orc priest.
The orc priest is almost dead.
The searing ray hits the orc priest!
The orc priest is heavily wounded.
The orc priest mumbles some strange prayers to Beogh against you.
Beogh smites you!
Ouch! That really hurt!
* * * LOW HITPOINT WARNING * * *
The orc priest calls down the wrath of Beogh upon you.
Beogh smites you!
* * * LOW HITPOINT WARNING * * *
The searing ray hits the orc priest!
You kill the orc priest!
The searing ray hits the orc priest.
The orc priest is almost dead.
The orc priest calls down the wrath of Beogh upon you.
Beogh smites you!
You die...

#.# ##.....## #..>###.#
#.# ##.......###.......#
###.........##.....#####
.'.........'...........
###.........###....#####
##.......## #.#.##
##.....## #.### ##...##
#.# ##@## #.# #)# #.#
#o# #.# ##.## #.####
#####...######....#####
..........##...........#
###......###.#.......#.#
#.###......#.......#.#
... #.####.#.......#o#


You could see an orc priest.

Vanquished Creatures
  An orc priest (D:2)
  An orc wizard (D:1)
  Robin (D:1)
  An adder (D:2)
  A worm (D:2)
  A dart slug (D:1)
  4 orcs
  6 ball pythons
  3 endoplasms
  2 giant cockroaches
  15 goblins
  3 hobgoblins
  8 jackals (D:1)
  2 quokkas
  A bat (D:1)
  2 frilled lizards (D:1)
  4 kobolds
  7 rats
63 creatures vanquished.

Notes
Turn   | Place    | Note
-------+----------+-------------------------------------------
     0 | D:1      | pkoi the Draconian Conjurer began the quest for the Orb.
     0 | D:1      | Reached XP level 1. HP: 14/14 MP: 3/3
   475 | D:1      | Reached XP level 2. HP: 17/20 MP: 1/5
   931 | D:1      | Found a faded altar of an unknown god.
  1355 | D:1      | Reached XP level 3. HP: 26/26 MP: 0/6
  1929 | D:2      | Found Tiucreide's Weapon Emporium.
  2048 | D:2      | Reached skill level 5 in Conjurations
  2586 | D:1      | Learned a level 2 spell: Searing Ray
  2598 | D:1      | Reached XP level 4. HP: 33/33 MP: 3/8
  3034 | D:2      | Noticed Robin
  3175 | D:1      | Killed Robin
  3561 | D:2      | Killed from afar by an orc priest

Illustrated notes

Levels and vault maps discovered:
D:1:      dpeg_arrival_rooms_with_view, layout_basic,
          dilly_ecumenical_altar_fadedgnrine
D:2:      cheibrodos_pilgrimage, layout_loops_corners, serial_shops,
          shop_fountains, uniq_robin

Skill      XL: |  1  2  3  4 |
---------------+-------------+-----
Conjurations   | 5 |  5.5
Spellcasting   | 3 |  3.0
Dodging        | |  1.7
Stealth        | |  1.7

Action                   |  1- 3 |  4- 6 || total
-------------------------+-------+-------++-------
Melee: Unarmed           |     5 |       ||     5
       Short sword       |    35 |    33 ||    68
       Tailslap          |     2 |     5 ||     7
 Cast: Magic Dart        |    73 |     8 ||    81
       Searing Ray       |     2 |     6 ||     8
Armor: Skin              |    15 |    16 ||    31
Dodge: Dodged            |    31 |    30 ||    61
